 Dungeon Sprint DCSS version 0.20.1-1-g8b1a95d (webtiles) character file.

17719 Fang the Severer (level 12, -5/92 HPs)
             Began as a Gargoyle Berserker on Oct 19, 2018.
             Was the Champion of Trog.
             Killed from afar by Luhawah the pandemonium lord (26 damage)
             ... with a great icy blast
             ... in the Dungeon (Sprint VII: "The Pits") on Oct 22, 2018.
             The game lasted 00:07:59 (3308 turns).

Fang the Severer (Gargoyle Berserker)               Turns: 3308, Time: 00:08:00

Health: -5/92      AC: 28    Str: 29    XL:     12   Next: 50%
Magic:  12/12      EV: 11    Int: 11    God:    Trog [******]
Gold:   38         SH:  0    Dex:  9    Spells: 11/11 levels left

rFire    . . .     SeeInvis .   v - +3 war axe (holy)
rCold    . . .     Gourm    .   (no shield)
rNeg     + . .     Faith    .   p - +2 plate armour
rPois    ∞         Spirit   .   (no helmet)
rElec    +         Reflect  .   (no cloak)
rCorr    .         Harm     .   (no gloves)
MR       .....     NoTele   +   (no boots)
Stlth    ..........             (no amulet)
Regen    0.3/turn               b - +3 ring of intelligence
MPRegen  0.2/turn               s - +3 ring of strength

@: no status effects
A: negative energy resistance 1, electricity resistance, unbreathing,
petrification resistance, rot immunity, AC +8
a: Berserk, Trog's Hand, Brothers in Arms, Burn Spellbooks, Renounce Religion


You were in the Dungeon.
You worshipped Trog.
Trog was exalted by your worship.
You were not hungry.

You visited 1 branch You collected 38 gold pieces.

Inventory:

Hand Weapons
 j - a +2 hand axe
 o - a +0 hand axe of freezing
 t - a +1 broad axe of chopping
 u - a +3 battleaxe of flaming
 v - a +3 war axe of holy wrath (weapon)
 w - a +6 antimagic executioner's axe
Armour
 p - a +2 plate armour (worn)
Jewellery
 b - a +3 ring of intelligence (left hand)
 s - a +3 ring of strength (right hand)
Wands
 y - a wand of digging (15/24)
Scrolls
 i - a scroll of blinking
 k - 4 scrolls of remove curse
 l - a scroll of summoning
 z - 2 scrolls of recharging
 B - 2 scrolls of fear
 C - a scroll of fog
Potions
 a - 2 potions of invisibility
 d - 13 potions of curing
 e - 6 potions of heal wounds
 f - a potion of haste
 g - 5 potions of magic
 h - 5 potions of berserk rage
 q - 3 potions of brilliance
 r - 2 potions of agility
 A - 3 potions of flight
Comestibles
 c - 7 bread rations
 m - 40 fruits
 n - 7 meat rations
 D - 3 chunks of flesh


   Skills:
 + Level 17.6 Fighting
 + Level 18.4 Axes
 + Level 15.8 Armour
 + Level 6.1 Dodging
 + Level 3.6 Stealth


You had 11 spell levels left.
You didn't know any spells.

Dungeon Overview and Level Annotations

Branches:
Dungeon (1/1)

Altars:
Ashenzari
Cheibriados
Dithmenos
Elyvilon
Fedhas
Gozag
Hepliaklqana
Kikubaaqudgha
Makhleb
Nemelex Xobeh
Okawaru
Qazlal
Ru
Sif Muna
Trog
Uskayaw
Vehumet
Xom
Yredelemnul
Zin
The Shining One
Beogh
Jiyva
Lugonu


Innate Abilities, Weirdness & Mutations

You are resistant to torment.
Your stone body is resilient. (AC +8)
You are immune to poison.
You resist negative energy. (rN+)
You are resistant to electric shocks. (rElec)
You can survive without breathing.
You are immune to petrification.
You are immune to rotting.


Message History

You are encased in ice.
Unknown command.
Your cyclops goes berserk!
You feel quite a bit more hungry.
You are engulfed in freezing vapours.
You are engulfed in freezing vapours.
Luhawah is engulfed in freezing vapours. x2
Luhawah hits you.
Items here: ))) [ a giant spiked club x2; a flail; a robe Unknown command.
You are engulfed in freezing vapours.
* * * LOW HITPOINT WARNING * * *
The ice encasing you melts away.
Luhawah is engulfed in freezing vapours.
Your cyclops is engulfed in freezing vapours.
Your cyclops hits Luhawah!!!
Luhawah is engulfed in freezing vapours.
Luhawah gestures at you.
Luhawah conjures a mighty blast of ice!
The great icy blast engulfs you!
You die...

#+# #.# #'#
################§#
..)............C§#
..............§§&#
+##############§@#
#§§# #.§# #.)#
#).# #..# #..#
#..# #..#


You could see Luhawah and a friendly cyclops (berserk).

Vanquished Creatures
  Aizul (D)
  5 two-headed ogres (D)
  4 death yaks (D)
  Urug (D)
  An ogre mage (D)
  2 unseen horrors (D)
  3 harpies (D)
  A wolf spider (D)
  A smoke demon (D)
  An efreet (D)
  A kobold demonologist (D)
  An ice devil (D)
  A guardian mummy (D)
  A red devil (D)
  A troll (D)
  Grinder (D)
  A redback (D)
  A water elemental (D)
  A wyvern (D)
  6 yaks (D)
  2 wraiths (D)
  A basilisk (D)
  2 vampire mosquitoes (D)
  A chaos spawn (D)
  2 soldier ants (D)
  A water moccasin (D)
  4 floating eyes (D)
  An ice beast (D)
  A black bear (D)
  2 necrophages (D)
  An ogre (D)
  5 wolves (D)
  A crocodile (D)
  8 killer bees (D)
  A jelly (D)
  A gnoll shaman (D)
  3 worker ants (D)
  A hell rat (D)
  2 mummies (D)
  6 gnolls (D)
  A white imp (D)
  An ufetubus (D)
  2 orcs (D)
  A goblin (D)
  2 hobgoblins (D)
  A jackal skeleton (D)
  A quokka skeleton (D)
  2 rats (D)
92 creatures vanquished.

Vanquished Creatures (collateral kills)
  A deep elf mage (D)
  2 molten gargoyles (D)
  A tyrant leech (D)
  A basilisk (D)
  A warg (D)
  A swamp drake (D)
  A black bear (D)
  A big kobold (D)
  A scorpion (D)
10 creatures vanquished.

Grand Total: 102 creatures vanquished

Notes
Turn   | Place    | Note
-------+----------+-------------------------------------------
     0 | D        | Fang the Gargoyle Berserker began the quest for the Orb.
     0 | D        | Reached XP level 1. HP: 14/14 MP: 1/1
    22 | D        | Found a bloodstained altar of Trog.
    22 | D        | Found a deep blue altar of Sif Muna.
    22 | D        | Found a viscous altar of Jiyva.
    22 | D        | Found a hazy altar of Hepliaklqana.
    22 | D        | Found an opulent altar of Gozag.
    23 | D        | Found a glowing golden altar of the Shining One.
    23 | D        | Found a glowing silver altar of Zin.
    23 | D        | Found a basalt altar of Yredelemnul.
    23 | D        | Found a shimmering altar of Xom.
    23 | D        | Found a sacrificial altar of Ru.
    23 | D        | Found a stormy altar of Qazlal.
    23 | D        | Found an iron altar of Okawaru.
    23 | D        | Found a sparkling altar of Nemelex Xobeh.
    23 | D        | Found a burning altar of Makhleb.
    23 | D        | Found a blossoming altar of Fedhas.
    23 | D        | Found a white marble altar of Elyvilon.
    23 | D        | Found a shadowy altar of Dithmenos.
    23 | D        | Found a snail-covered altar of Cheibriados.
    25 | D        | Found a radiant altar of Vehumet.
    25 | D        | Found a corrupted altar of Lugonu.
    25 | D        | Found a roughly hewn altar of Beogh.
    64 | D        | Reached skill level 3 in Axes
    67 | D        | Noticed a worker ant
    76 | D        | Killed a worker ant
    76 | D        | Reached ** piety under Trog
    76 | D        | Reached skill level 5 in Fighting
    76 | D        | Reached skill level 4 in Axes
    76 | D        | Reached XP level 2. HP: 12/21 MP: 2/2
    76 | D        | Reached XP level 3. HP: 15/26 MP: 3/3
   307 | D        | Noticed a floating eye
   307 | D        | Noticed a floating eye
   310 | D        | Paralysed by a floating eye for 2 turns
   314 | D        | Killed a floating eye
   314 | D        | Reached skill level 6 in Axes
   314 | D        | Reached XP level 4. HP: 19/34 MP: 4/4
   314 | D        | Reached XP level 5. HP: 21/38 MP: 5/5
   316 | D        | Killed a floating eye
   316 | D        | Reached *** piety under Trog
   316 | D        | Reached skill level 7 in Axes
   316 | D        | Reached XP level 6. HP: 24/45 MP: 6/6
   505 | D        | Noticed a floating eye
   508 | D        | Killed a floating eye
   508 | D        | Reached skill level 8 in Axes
   509 | D        | Reached **** piety under Trog
   537 | D        | Noticed a necrophage
   545 | D        | Reached skill level 10 in Fighting
   545 | D        | Reached skill level 9 in Axes
   545 | D        | Reached skill level 5 in Armour
   545 | D        | Reached skill level 1 in Stealth
   545 | D        | Reached XP level 7. HP: 52/52 MP: 7/7
   568 | D        | Reached ***** piety under Trog
   568 | D        | Reached skill level 10 in Axes
   599 | D        | Noticed Grinder
   609 | D        | Paralysed by Grinder for 3 turns
   618 | D        | Killed Grinder
   618 | D        | Reached skill level 5 in Dodging
   747 | D        | Noticed a wyvern
   760 | D        | Killed a wyvern
   760 | D        | Reached XP level 8. HP: 45/60 MP: 8/8
   914 | D        | Received a gift from Trog
   922 | D        | Paralysed by a floating eye for 4 turns
   927 | D        | Reached skill level 11 in Axes
   985 | D        | Killed an unseen horror
   985 | D        | Reached skill level 12 in Axes
  1266 | D        | Found a hide-covered altar of Uskayaw.
  1266 | D        | Found an ancient bone altar of Kikubaaqudgha.
  1266 | D        | Found a shattered altar of Ashenzari.
  1296 | D        | Noticed Urug
  1296 | D        | Noticed a two-headed ogre
  1299 | D        | Reached XP level 9. HP: 66/66 MP: 9/9
  1303 | D        | Killed a two-headed ogre
  1303 | D        | Reached ****** piety under Trog
  1308 | D        | Killed Urug
  1308 | D        | Received a gift from Trog
  1308 | D        | Reached skill level 13 in Axes
  1531 | D        | Noticed an ice devil
  1532 | D        | Reached skill level 10 in Armour
  1532 | D        | Reached XP level 10. HP: 73/73 MP: 10/10
  1545 | D        | Reached skill level 14 in Axes
  1806 | D        | Noticed a two-headed ogre
  1811 | D        | Received a gift from Trog
  1814 | D        | Killed an unseen horror
  1817 | D        | Received a gift from Trog
  1821 | D        | Killed a two-headed ogre
  1821 | D        | Reached skill level 15 in Axes
  1833 | D        | Reached skill level 15 in Fighting
  1833 | D        | Reached XP level 11. HP: 74/81 MP: 11/11
  1968 | D        | Noticed a death yak
  1968 | D        | Noticed a death yak
  1968 | D        | Noticed a death yak
  1968 | D        | Noticed a death yak
  1976 | D        | Killed a death yak
  1979 | D        | Killed a death yak
  1979 | D        | Reached skill level 16 in Axes
  1983 | D        | Killed a death yak
  1983 | D        | Received a gift from Trog
  1994 | D        | Killed a death yak
  2009 | D        | Got a smoking broad axe {god gift}
  2010 | D        | Identified the +11 broad axe of Resumed Hostilities {chop, Fragile Str+8 Int+2} (Trog gifted it to you in the Dungeon)
  2272 | D        | Received a gift from Trog
  2339 | D        | Noticed a deep elf mage
  2347 | D        | Received a gift from Trog
  2350 | D        | Reached skill level 17 in Axes
  2360 | D        | Killed a deep elf mage
  2360 | D        | Received a gift from Trog
  2707 | D        | Noticed a harpy
  2707 | D        | Noticed a harpy
  2707 | D        | Noticed a harpy
  2714 | D        | Killed a harpy
  2716 | D        | Killed a harpy
  2717 | D        | Killed a harpy
  2717 | D        | Reached XP level 12. HP: 52/90 MP: 12/12
  2772 | D        | Received a gift from Trog
  2953 | D        | Noticed Aizul
  2969 | D        | Killed Aizul
  2969 | D        | Reached skill level 15 in Armour
  3017 | D        | Received a gift from Trog
  3135 | D        | Noticed a two-headed ogre
  3136 | D        | Noticed a two-headed ogre
  3137 | D        | Noticed an ogre mage
  3143 | D        | Killed an ogre mage
  3143 | D        | Reached skill level 18 in Axes
  3146 | D        | Killed a two-headed ogre
  3148 | D        | Killed a two-headed ogre
  3150 | D        | Noticed a two-headed ogre
  3157 | D        | Killed a two-headed ogre
  3157 | D        | Received a gift from Trog
  3305 | D        | Noticed Luhawah the pandemonium lord
  3308 | D        | Killed from afar by Luhawah the pandemonium lord

Skill      XL: |  1  2  3  4  5  6  7  8  9 10 11 12 |
---------------+-------------------------------------+-----
Axes           | 4 6 7 9 10 12 13 15 17 18 | 18.4
Fighting       | 5 7 8 10 11 12 13 15 16 17 | 17.6
Dodging        | 2 3 4 5 6 |  6.1
Armour         | 3 4 5 7 10 12 14 15 | 15.8
Stealth        | 1 2 3 |  3.6

Action                   |  1- 3 |  4- 6 |  7- 9 | 10-12 || total
-------------------------+-------+-------+-------+-------++-------
Melee: Hand axe          |    23 |    16 |    59 |       ||    98
       Broad axe         |       |       |    13 |   103 ||   116
       War axe           |       |       |       |    32 ||    32
Invok: Berserk           |     1 |     1 |     2 |     5 ||     9
       Brothers in Arms  |       |       |       |     2 ||     2
  Use: Scroll            |       |       |       |     4 ||     4
       Potion            |       |       |       |     1 ||     1
  Eat: Bread ration      |       |       |     1 |       ||     1
       Chunk             |       |       |     1 |    11 ||    12
Armor: Animal skin       |     6 |     2 |       |       ||     8
       Plate armour      |       |     7 |    72 |    91 ||   170
Dodge: Dodged            |    20 |     5 |    14 |    76 ||   115
